 Dungeon Crawl Stone Soup version 0.27-a0-1529-g1e82c303ef (webtiles) character file.

Game seed: 18090535257029400186

661 Sin92 the Chopper (level 7, -9/55 HPs)
             Began as a Demonspawn Fighter on July 12, 2021.
             Was an Initiate of Okawaru.
             Mangled by an ogre (20 damage)
             ... on level 4 of the Dungeon.
             The game lasted 00:05:02 (4663 turns).

Sin92 the Chopper (Demonspawn Fighter)              Turns: 4663, Time: 00:05:03

Health: -9/55      AC:  9    Str: 24    XL:     7   Next: 30%
Magic:  8/8        EV:  9    Int: 10    God:    Okawaru [......]
Gold:   180        SH:  0    Dex: 18    Spells: 6/6 levels left

rFire    . . .     SeeInvis .   a - +1 war axe
rCold    . . .     Faith    .   c - +1 kite shield
rNeg     . . .     Spirit   .   b - +0 scale mail
rPois    .         Reflect  .   (no helmet)
rElec    .         Harm     .   (no cloak)
rCorr    .         Rampage  .   (no gloves)
Will     .....                  (no boots)
Stlth    ..........             l - amulet of the acrobat
HPRegen  0.18/turn              f - +6 ring of strength
MPRegen  0.11/turn              i - +6 ring of dexterity

@: confused, lethally poisoned (-9 -> -26)
A: molten scales 1, demonic guardian 2
a: Renounce Religion


You were on level 4 of the Dungeon.
You worshipped Okawaru.
Okawaru was noncommittal.
You visited 1 branch of the dungeon, and saw 6 of its levels.

You collected 180 gold pieces.

Inventory:

Hand Weapons
 a - a +1 war axe (weapon)
Armour
 b - a +0 scale mail (worn)
 c - a +1 kite shield (worn)
Jewellery
 f - a +6 ring of strength (left hand)
 i - a +6 ring of dexterity (right hand)
 l - an amulet of the acrobat (around neck)
 n - a +4 ring of protection
Scrolls
 e - a scroll of identify {unknown}
 k - a scroll of acquirement {unknown}
 m - a scroll of enchant weapon
 s - a scroll of amnesia {unknown}
Potions
 d - 3 potions of might
 g - a potion of lignification {unknown}
 h - a potion of ambrosia {unknown}
 j - a potion of degeneration {unknown}
 o - a potion of haste {unknown}
 p - a potion of resistance {unknown}
 q - a potion of berserk rage {unknown}
 r - a potion of brilliance {unknown}


   Skills:
 + Level 4.3 Fighting
 * Level 4.3 Axes
 + Level 3.9 Armour
 + Level 2.6 Dodging
 + Level 3.8 Shields
 + Level 2.5 Invocations


You had 6 spell levels left.
You didn't know any spells.
Your spell library was empty.

Dungeon Overview and Level Annotations

Branches:
Dungeon (6/15)
 Temple: D:4-7

Altars:
Elyvilon
Okawaru
Qazlal
The Shining One
Lugonu

Portals:
Abyss: D:3


Innate Abilities, Weirdness & Mutations

You are partially covered in molten scales. (AC +2)
A demonic guardian rushes to your aid.


Message History

You are confused.
You're too confused to move!
You feel sick. The ball python bites you. The ball python grabs you.
The ball python constricts you. The orc priest hits you with a +0 mace.
The orc wizard hits you with a +1 dagger of venom.
You are more poisoned.
You barely miss the orc wizard. You completely miss something.
You miss the orc priest. You miss the ball python.
You feel very sick. The ball python closely misses you.
The ball python constricts you. The ball python loses its grip on you.
The orc priest barely misses you. The orc wizard casts a spell at you.
The puff of flame hits you.
You hear some strange, mumbled words.
Something tries to affect you, but you resist.
You feel sick. The orc wizard misses you.
You feel sick.
The orc wizard hits you but does no damage.
You are more poisoned.
The ogre misses you.
The orc wizard gestures wildly while chanting.
The orc wizard flickers and vanishes!
You're too confused to move!
You feel less confused.
You feel very sick. The orc wizard casts a spell at you.
You are confused.
The adder misses you. The ogre barely misses you.
The ball python closely misses you. The ball python barely misses you.
You barely miss the adder. You completely miss the ball python.
You hit the orc wizard. You slash the ogre!
You feel very sick. The adder bites you but does no damage.
The orc wizard hits you but does no damage.
You are lethally poisoned!
The ball python bites you.
* * * LOW HITPOINT WARNING * * *
The ball python barely misses you.
The ogre hits you with a +0 giant club!!
You die...

#.#.# .#####.#.###
..!.........
#...##..... .........#
...##..(## #<##.....##
#.#{......##
#.####@oo.......##.###
#....OSS........!.....
......#..........##.###
........#.......## #
.####.####.>...## #.
##........ # ##.######
..# ####


You could see an ogre, an orc priest, an orc wizard, an adder and a ball python.

Vanquished Creatures
  A necrophage (D:5)
  An ogre (D:5)
  2 phantoms
  A scorpion (D:5)
  A water moccasin zombie (D:5)
  A hound (D:5)
  A centaur skeleton (D:5)
  Jessica (D:2)
  An orc wizard (D:3)
  A hound skeleton (D:4)
  2 adders (D:3)
  A shadow imp (D:5)
  3 worms (D:2)
  2 orcs
  6 endoplasms
  A giant cockroach (D:3)
  4 hobgoblins
  10 jackals
  3 quokkas
  6 ball pythons
  4 bats
  A frilled lizard (D:2)
  3 goblins
  8 kobolds
  3 rats
68 creatures vanquished.

Vanquished Creatures (collateral kills)
  An adder (D:2)
  A worm (D:2)
  An orc (D:3)
3 creatures vanquished.

Grand Total: 71 creatures vanquished

Notes
Turn   | Place    | Note
-------+----------+-------------------------------------------
     0 | D:1      | Sin92 the Demonspawn Fighter began the quest for the Orb.
     0 | D:1      | Reached XP level 1. HP: 18/18 MP: 1/1
   583 | D:1      | Found a faded altar of an unknown god.
   603 | D:1      | Gained mutation: You are partially covered in molten
                  | scales. (AC +2) [demonic ancestry]
   603 | D:1      | Reached XP level 2. HP: 24/24 MP: 2/2
  1236 | D:2      | Noticed Jessica
  1241 | D:2      | Killed Jessica
  1242 | D:2      | Gained mutation: A weak demonic guardian rushes to your
                  | aid. [demonic ancestry]
  1242 | D:2      | Reached XP level 3. HP: 24/29 MP: 3/3
  1502 | D:2      | Reached skill level 1 in Dodging
  1670 | D:2      | Reached XP level 4. HP: 22/35 MP: 4/4
  2426 | D:3      | Found a one-way gate to the infinite horrors of the Abyss.
  2622 | D:3      | Found a stormy altar of Qazlal.
  2647 | D:3      | Noticed a phantom
  2657 | D:3      | Killed a phantom
  2658 | D:3      | Reached XP level 5. HP: 28/42 MP: 5/5
  2920 | D:3      | Found an iron altar of Okawaru.
  2943 | D:3      | Became a worshipper of Warmaster Okawaru
  3184 | D:3      | Found a large runed translucent door.
  3184 | D:3      | Found a large runed translucent door.
  3185 | D:3      | Found a corrupted altar of Lugonu.
  3729 | D:4      | You fall into a shaft and drop 2 floors!
  3730 | D:6      | Noticed a phantom
  3740 | D:6      | Killed a phantom
  3741 | D:6      | Reached skill level 1 in Invocations
  3741 | D:6      | Reached XP level 6. HP: 41/48 MP: 6/6
  3811 | D:5      | Entered Level 5 of the Dungeon
  4259 | D:5      | Gained mutation: A demonic guardian rushes to your aid.
                  | [demonic ancestry]
  4259 | D:5      | Reached XP level 7. HP: 41/54 MP: 8/8
  4663 | D:4      | Mangled by an ogre

Illustrated notes

Levels and vault maps discovered:
D:1:      amcnicky_arrival_gap_in_the_tavern_cellar, layout_basic,
          hellmonk_ecumenical_altar_run_dry
D:2:      layout_basic, uniq_jessica
D:3:      due_chaos_kobolds, layout_basic, okawaru_gym_becter,
          grunt_qazlal_clouds
D:4:      layout_loops_ring, mainiacjoe_overflow_alcove_4,
          mainiacjoe_overflow_concentric_impassable
D:5:      gammafunk_cloud_chamber, layout_basic, mainiacjoe_overflow_paths,
          mainiacjoe_overflow_divided_tiny
D:6:      layout_rooms, mainiacjoe_overflow_surrounded_room,
          lemuel_coloured_pillars_altar, kennysheep_generic_room_8

Skill      XL: |  1  2  3  4  5  6 |
---------------+-------------------+-----
Axes           | 2 3 4 |  4.3
Armour         | 3 |  3.9
Dodging        | 1 2 |  2.6
Shields        | 3 |  3.8
Invocations    | 1 2 |  2.5
Fighting       | 4 |  4.3

Action                   |  1- 3 |  4- 6 |  7- 9 || total
-------------------------+-------+-------+-------++-------
Melee: War axe           |    87 |   112 |    22 ||   221
  Use: Scroll            |     2 |     1 |       ||     3
       Potion            |     1 |       |       ||     1
Armor: Scale mail        |    53 |    43 |    16 ||   112
Dodge: Dodged            |    33 |    37 |    22 ||    92
Block: Kite shield       |    52 |    56 |    12 ||   120

Table legend: (Time is in decaauts)
 A = Elapsed time spent in this place.
 B = Non-inter-level travel time spent in this place.
 C = Inter-level travel time spent in this place.
 D = Time resting spent in this place.
 E = Time spent auto-exploring this place.
 F = Levels seen in this place.
 G = Mean time per level.
                   A        B        C        D        E       F      G
               +--------+--------+--------+--------+--------+-----+--------+
         Total |   4791 |   4673 |    118 |    607 |   3279 |   6 |  798.5 |
       Dungeon |   4791 |   4673 |    118 |    607 |   3279 |   6 |  798.5 |
               +--------+--------+--------+--------+--------+-----+--------+

Top non-repeatable levels by time:
     D:2: 1476 daAuts
     D:3: 1164 daAuts
     D:1: 1012 daAuts
     D:5: 761 daAuts
     D:4: 289 daAuts
     D:6: 86 daAuts
